 Dungeon Crawl Stone Soup version 0.17-a0-802-g1f09329 (webtiles) character file.

5745 namelastname112 the Cruncher (level 10, -6/86 HPs)
             Began as a Pale Draconian Gladiator on Apr 26, 2015.
             Was a Believer of Elyvilon.
             Mangled by a two-headed ogre
             ... wielding a +0 giant club
              (19 damage)
             ... on level 10 of the Dungeon.
             The game lasted 00:20:33 (10692 turns).

namelastname112 the Cruncher (DrGl)                Turns: 10692, Time: 00:20:33

Health: -6/86      AC:  8    Str: 13    XL:     10   Next: 49%
Magic:  15/16      EV: 16    Int: 10    God:    Elyvilon [**....]
Gold:   531        SH:  0    Dex: 16    Spells: 1 memorised, 6 levels left

rFire  . . .     SeeInvis +     a - +0 quarterstaff
rCold  . . .     Clarity  .     (armour unavailable)
rNeg   . . .     SustAb   .     (no shield)
rPois  .         Gourm    +     b - +0 hat
rElec  +         Spirit   .     (no cloak)
rCorr  .         Warding  .     g - +0 pair of gloves (curse)
rMut   .         Stasis   .     (no boots)
MR     .....                    x - amulet of the gourmand
Stlth  +.........               (no ring)
                                p - ring of see invisible

@: short of breath, flying, not resistant to hostile enchantments, very
unstealthy
A: breathe steam, unfitting armour, big wings, beak, stinger 1, clever 1,
electricity resistance, weak 2, cold-blooded, AC +7
a: Breathe Steam, Stop Flying, Lesser Healing, Divine Protection, Heal Other,
Renounce Religion


You were on level 10 of the Dungeon.
You worshipped Elyvilon.
Elyvilon was pleased with you.
You were full.

You visited 1 branch of the dungeon, and saw 10 of its levels.
You also visited: Sewer.

You collected 531 gold pieces.

Inventory:

Hand weapons
 a - a +0 quarterstaff (weapon)
 K - a +0 blowgun
Missiles
 c - 4 throwing nets (quivered)
 r - 70 poisoned needles
 J - 12 curare-tipped needles
Armour
 b - a +0 hat (worn)
 g - a cursed +0 pair of gloves (worn)
Jewellery
 p - a ring of see invisible (left hand)
 x - an amulet of the gourmand (around neck)
 F - an uncursed amulet of resist corrosion {unknown}
Scrolls
 h - 15 scrolls of identify
 i - 3 scrolls of fear {unknown}
 k - 5 scrolls of teleportation {unknown}
 l - 3 scrolls of fog {unknown}
 n - 4 scrolls of remove curse {unknown}
 o - a scroll of vulnerability {unknown}
 s - 3 scrolls of blinking {unknown}
 w - 2 scrolls of random uselessness {unknown}
 y - 4 scrolls of magic mapping {unknown}
 A - 2 scrolls of immolation {unknown}
 B - 2 scrolls of amnesia {unknown}
 E - a scroll of recharging {unknown}
 I - a scroll of enchant weapon {unknown}
 N - a scroll of enchant armour {unknown}
Potions
 e - a potion of resistance
 f - a potion of lignification
 j - 4 potions of restore abilities
 t - a potion of magic
 u - 3 potions of curing
 z - a potion of haste
 H - a potion of agility
 O - a potion of degeneration {unknown}
Books
 C - a book of Envenomations

   Spells                             Type                      Level
   a - Spider Form                    Transmutation/Poison         3
   b - Alistair's Intoxication        Transmutation/Poison         4
   c - Olgreb's Toxic Radiance        Poison                       4
   d - Poisonous Cloud                Conjuration/Poison/Air       6
 D - a book of the Tempests

   Spells                             Type                      Level
   a - Static Discharge               Conjuration/Air              3
   b - Lightning Bolt                 Conjuration/Air              5
   c - Fireball                       Conjuration/Fire             5
   d - Tornado                        Air                          9
   e - Shatter                        Earth                        9
 M - a Fen Folio

   Spells                             Type                      Level
   a - Corpse Rot                     Necromancy                   2
   b - Stone Arrow                    Conjuration/Earth            3
   c - Leda's Liquefaction            Hexes/Earth                  4
   d - Summon Forest                  Summoning/Translocation      5
   e - Hydra Form                     Transmutation                6
   f - Summon Hydra                   Summoning                    7
Comestibles
 d - 4 bread rations
 m - 19 fruits
 v - 8 meat rations
 G - 11 royal jellies
 L - a slice of pizza


   Skills:
 + Level 7.3 Fighting
 * Level 10.0 Staves
 - Level 1.7 Throwing
 + Level 6.9 Dodging
 + Level 1.9 Spellcasting
 + Level 2.0 Air Magic
 * Level 8.3 Invocations


You had 6 spell levels left.
You knew the following spells:

 Your Spells              Type           Power        Failure   Level  Hunger
a - Poisonous Cloud       Conj/Pois/Air  #.........   100%        6    #######


Dungeon Overview and Level Annotations

Branches:
Dungeon (10/15)            Temple (0/1) D:5
   Lair: D:8-11         Orc: D:9-12

Altars:
Ashenzari
Cheibriados
Elyvilon
Fedhas
Gozag
Makhleb
Okawaru
Sif Muna
Trog
Xom


Innate Abilities, Weirdness & Mutations

You can breathe blasts of scalding, opaque steam.
Your pale cyan-grey scales are hard (AC +7).
Your body does not fit into most forms of armour.
You are cold-blooded and may be slowed by cold attacks.
Your large and strong wings let you fly indefinitely.
You have a beak for a mouth.
Your tail ends in a poisonous barb.
Your mind is acute. (Int +2)
You are resistant to electric shocks.
You are very weak. (Str -4)


Message History

You peck the two-headed ogre, but do no damage.
The two-headed ogre is moderately wounded.
Use which ability? (? or * to list)
Press: ? - help, Shift-Dir - straight line, f - two-headed ogre
Aim: a two-headed ogre, wielding two giant clubs (moderately wounded)
You exhale a blast of scalding steam.
The ball of steam hits the two-headed ogre.
The two-headed ogre is heavily wounded.
The ball of steam hits the quokka.
You kill the quokka!
You feel somewhat less full.
The two-headed ogre is engulfed in a cloud of scalding steam.
The two-headed ogre hits you with a giant club!!
* * * LOW HITPOINT WARNING * * *
The two-headed ogre barely misses you.
You are too injured to fight recklessly!
Use which ability? (? or * to list)
You are healed.
The two-headed ogre barely misses you.
The two-headed ogre hits you with a giant club!!
You die...

...##########
.?....§O@...##
#.....####...##
### ###..#
##>.# #..##
###### #..#
##..... #.##
##.))... #.##
##(..)...
#..####..###...


You could see a two-headed ogre.

Vanquished Creatures
  The ghost of ImmaFairy the Cleaver, an experienced FoBe of Trog (D:6)
  A hill giant (D:10)
  A gargoyle (D:10)
  A troll (D:10)
  A deep elf mage (D:9)
  A hippogriff (D:8)
  A hungry ghost (D:7)
  Menkaure (D:7)
  2 orc warriors
  2 black bears
  An ogre (D:9)
  2 phantoms (D:4)
  3 sky beasts
  4 centaurs
  6 big kobolds
  6 giant frogs
  A scorpion (D:8)
  A wyvern skeleton (D:6)
  A crimson imp (D:8)
  A centaur zombie (D:6)
  8 orc wizards
  A quasit (D:5)
  A gnoll shaman (D:8)
  5 orc priests
  A centaur skeleton (D:7)
  A giant frog skeleton (D:8)
  A hound (D:9)
  7 jellies
  2 iguanas
  6 worker ants
  A worker ant zombie (D:10)
  6 gnolls
  13 adders
  A river rat (Sewer)
  4 shadow imps
  7 oozes
  2 adder skeletons
  11 worms
  11 giant geckos
  37 orcs
  30 bats
  A bat skeleton (D:5)
  21 goblins
  20 hobgoblins
  4 jackals
  8 quokkas
  3 ball pythons (Sewer)
  A ball python skeleton (D:4)
  11 giant cockroaches
  A giant cockroach zombie (D:5)
  4 giant newts
  A jackal skeleton (D:7)
  46 kobolds
  A quokka zombie (D:7)
  14 rats
330 creatures vanquished.

Notes
Turn   | Place    | Note
--------------------------------------------------------------
     0 | D:1      | namelastname112, the Draconian Gladiator, began the quest for the Orb.
     0 | D:1      | Reached XP level 1. HP: 17/17 MP: 1/1
     6 | D:1      | Noticed a polar bear
     6 | D:1      | Noticed a hound
     6 | D:1      | Noticed a water moccasin
     6 | D:1      | Noticed a fire drake
   159 | D:1      | Reached XP level 2. HP: 18/25 MP: 2/2
  1028 | D:2      | Reached XP level 3. HP: 30/30 MP: 3/3
  1135 | D:2      | Found a blossoming altar of Fedhas.
  1557 | D:2      | Found a burning altar of Makhleb.
  1557 | D:2      | Found a shimmering altar of Xom.
  1815 | D:3      | Reached XP level 4. HP: 24/37 MP: 4/4
  1840 | D:2      | Reached skill level 4 in Staves
  2134 | D:3      | Found a glowing drain.
  2195 | Sewer    | Entered a sewer
  2410 | Sewer    | Noticed a big kobold
  2433 | Sewer    | Killed a big kobold
  2433 | Sewer    | Reached XP level 5. HP: 34/45 MP: 5/5
  2990 | Sewer    | Reached skill level 5 in Staves
  3042 | Sewer    | Reached XP level 6. HP: 32/52 MP: 6/6
  3158 | D:3      | Found an opulent altar of Gozag.
  3248 | D:3      | Found a snail-covered altar of Cheibriados.
  3488 | D:3      | Found a deep blue altar of Sif Muna.
  4249 | D:4      | Reached skill level 6 in Staves
  4249 | D:4      | Your scales start taking on a pale cyan-grey colour.
  4249 | D:4      | Reached XP level 7. HP: 53/60 MP: 7/7
  4575 | D:5      | Entered Level 5 of the Dungeon
  4707 | D:5      | Found a white marble altar of Elyvilon.
  4712 | D:5      | Became a worshipper of Elyvilon the Healer
  4817 | D:5      | Reached skill level 1 in Invocations
  4859 | D:5      | Found a staircase to the Ecumenical Temple.
  4977 | D:5      | Found an opulent altar of Gozag.
  5672 | D:6      | Reached skill level 5 in Fighting
  5672 | D:6      | Reached skill level 5 in Dodging
  5824 | D:6      | Noticed ImmaFairy's ghost (experienced FoBe)
  5884 | D:6      | Killed ImmaFairy's ghost
  5884 | D:6      | Reached skill level 7 in Staves
  5884 | D:6      | Reached XP level 8. HP: 38/69 MP: 9/11
  6147 | D:6      | Acquired Elyvilon's first power
  6223 | D:6      | Reached skill level 5 in Invocations
  6262 | D:6      | Found an iron altar of Okawaru.
  6262 | D:6      | Found a shattered altar of Ashenzari.
  6325 | D:7      | Reached skill level 8 in Staves
  6623 | D:7      | Reached XP level 9. HP: 58/75 MP: 12/12
  6687 | D:7      | Noticed Menkaure
  6694 | D:7      | Killed Menkaure
  7172 | D:7      | Found a bloodstained altar of Trog.
  7325 | D:7      | Gained mutation: You occasionally shout uncontrollably at your foes. [mutagenic meat]
  7326 | D:7      | Lost mutation: You occasionally shout uncontrollably at your foes. [mutagenic meat]
  7327 | D:7      | Gained mutation: Your spells are a little harder to cast, but a little more powerful. [mutagenic meat]
  7328 | D:7      | Gained mutation: Your large and strong wings let you fly indefinitely. [mutagenic meat]
  7329 | D:7      | Gained mutation: Your tail ends in a poisonous barb. [mutagenic meat]
  7890 | D:8      | Reached skill level 9 in Staves
  7957 | D:8      | Acquired Elyvilon's second power
  8066 | D:8      | Gained mutation: You are weak. (Str -2) [mutagenic meat]
  8120 | D:8      | Gained mutation: Your mind is acute. (Int +2) [potion of mutation]
  8120 | D:8      | Gained mutation: You have a beak for a mouth. [potion of mutation]
  8120 | D:8      | Gained mutation: You are very weak. (Str -4) [potion of mutation]
  8121 | D:8      | Gained mutation: You are resistant to electric shocks. [potion of mutation]
  8121 | D:8      | Lost mutation: Your spells are a little harder to cast, but a little more powerful. [potion of mutation]
  9271 | D:9      | Reached XP level 10. HP: 57/84 MP: 15/15
  9387 | D:9      | Learned a level 6 spell: Poisonous Cloud
  9874 | D:10     | Entered Level 10 of the Dungeon
  9923 | D:10     | Reached skill level 1 in Air Magic
  9985 | D:10     | HP: 2/86 [gargoyle/morningstar (11)]
  9988 | D:10     | Reached skill level 1 in Spellcasting
 10532 | D:10     | Noticed a hill giant
 10568 | D:10     | Killed a hill giant
 10568 | D:10     | Reached skill level 10 in Staves
 10692 | D:10     | Mangled by a two-headed ogre

Action                   |  1- 3 |  4- 6 |  7- 9 | 10-12 || total
-------------------------+-------+-------+-------+-------++-------
Melee: Quarterstaff      |   161 |   326 |   553 |   154 ||  1194
 Fire: Blowgun           |       |       |       |     6 ||     6
Throw: Throwing net      |       |     2 |       |       ||     2
Invok: Lesser Healing    |       |       |     2 |     7 ||     9
 Abil: Breathe Steam     |       |       |    14 |     5 ||    19
       Fly               |       |       |     1 |       ||     1
  Use: Potion            |       |       |     8 |     1 ||     9
       Scroll            |       |       |     3 |       ||     3
 Stab: Held in net/web   |       |     2 |       |       ||     2
       Sleeping          |       |       |     5 |       ||     5
  Eat: Chunk             |     2 |    10 |    27 |    11 ||    50
       Beef jerky        |       |       |     1 |       ||     1
